[Event "Early-Titled-Tuesday-Blitz-January-30-2024"]
[Site "Chess.com"]
[Date "2024.01.30"]
[Round "10"]
[White "wonderfultime"]
[Black "FairChess_on_YouTube"]
[Result "1/2-1/2"]
[WhiteElo "3016"]
[BlackElo "3095"]
[TimeControl "180+1"]
[EndTime "10:03:19 PST"]
[Termination "Game drawn by repetition"]

1. d4 Nf6 2. Nf3 d6 3. c4 g6 4. g3 Bg7 5. Bg2 O-O 6. O-O c6 7. Nc3 Bf5 8. Re1 Ne4 9. Qb3 Nxc3 10. bxc3 Bc8 11. e4 Nd7 12. Ba3 Re8 13. Rad1 Qc7 14. c5 dxc5 15. Ng5 e6 16. e5 b6 17. Ne4 Ba6 18.
Nd6 Rf8 19. Qa4 Bb5 20. Nxb5 cxb5 21. Qxb5 Rac8 22. f4 Rfe8 23. d5 exd5 24. Bxd5 Nf8 25. c4 Rcd8 26. Bb2 Ne6 27. Rd2 Bf8 28. Kg2 Nd4 29.
Bxd4 cxd4 30. Rxd4 Qc5 31. Rdd1 Qxb5 32. cxb5 Bb4 33.
Rf1 Kg7 34. Kf3 Bc5 35. Bc6 Rf8 36. Bd7 Ra8 37. g4 a6 38. a4 axb5 39. Bxb5 Rad8 40. f5 f6 41. e6 Kh6 42. h4 gxf5 43. gxf5 Kh5 44.
Bd7 Rg8 45. Rfe1 Be7 46. Re4 Rg7 47. Ke3 Rg3+ 48. Kd4 Rf3 49. Kd5 Rxf5+ 50. Kc6 Rc5+ 51. Kb7 f5 52. Rf4 Rf8 53. Rdf1 Re5 54. Kxb6 Rc5 55. Bc6 Bd6 56. R4f3 Rb8+ 57. Bb7 Rc7 58. Rxf5+ Kxh4 59. Rd5 Rbxb7+ 60. Ka6 Ra7+ 61. Kb6 Rab7+ 62. Ka6 Be7 63.
Rf7 Ra7+ 64. Kb6 Rcb7+ 65. Kc6 Rc7+ 66. Kb6 Kg4 67. Rd4+ Kg5 68. Rd5+ Kg6 69. a5 Rab7+ 70. Ka6 Ra7+ 71. Kb6 Rab7+ 72. Ka6 Ra7+ 73. Kb6 1/2-1/2

[Event "Early-Titled-Tuesday-Blitz-January-30-2024"]
[Site "Chess.com"]
[Date "2024.01.30"]
[Round "10"]
[White "ACollins05"]
[Black "PavelShkapenko"]
[Result "0-1"]
[WhiteElo "2509"]
[BlackElo "2770"]
[TimeControl "180+1"]
[EndTime "10:03:21 PST"]
[Termination "PavelShkapenko won on time"]

1. d4 Nf6 2. c4 e6 3. Nf3 Bb4+ 4.
Nbd2 O-O 5. a3 Be7 6. e4 d6 7. Bd3 c5 8. O-O cxd4 9. Nxd4 b6 10. b3 Bb7 11. Bb2 Nbd7 12. Qe2 a6 13. Rfe1 Qc7 14. Rac1 Ne5 15. Bb1 Ng6 16. N2f3 Rfd8 17. Rcd1 Ng4 18. h3 N4e5 19. Nxe5 Nxe5 20. Qc2 Ng6 21. Qe2 Bf6 22. Nf3 Bxb2 23. Qxb2 e5 24. Bd3 a5 25. Bf1 Bc6 26. Rd2 Rd7 27. Qc2 Re8 28.
Red1 Re6 29. b4 h6 30. Qc3 Bxe4 31. c5 axb4 32. axb4 bxc5 33. bxc5 d5 34. Bb5 Rd8 35. Qe3 Nf4 36. c6 Nxg2 37. Kxg2 Rf6 38. Qxe4 dxe4 39. Rxd8+ Kh7 40. Nh2 Qb6 41. R1d2 e3 42.
fxe3 Qxe3 43. Ng4 Qe4+ 44. Kh2 Qf4+ 45. Kg2 Qf3+ 46. Kh2 Rxc6 47. Rf2 Qc3 48. Bxc6 Qxc6 49. Rxf7 Qc2+ 50. Rf2 Qc7 51. Rdf8 e4+ 52. Kh1 Qc6 53. Kh2 Qc7+ 54. Kg2 Qc6 55. Kg3 Qd6+ 56. Kg2 Qd5 57. Kg1 Qd1+ 58. Rf1 Qd4+ 59. Kh2 e3 60. R8f4 e2 61.
Re1 Qxf4+ 62. Kg2 Qd2 63. Kf2 Qd3 64. Kg2 h5 65. Nh2 Qe3 66. Nf3 g5 67. Ng1 g4 68.
Rxe2 Qd4 69. hxg4 hxg4 70. Rf2 Kg6 71. Ne2 Qe4+ 72. Kh2 Kg5 73. Ng3 Qe3 74. Kg2 Qb6 75. Rf5+ Kg6 0-1

[Event "Early-Titled-Tuesday-Blitz-January-30-2024"]
[Site "Chess.com"]
[Date "2024.01.30"]
[Round "10"]
[White "NastyaHn"]
[Black "vishwa_vijeta"]
[Result "0-1"]
[WhiteElo "2388"]
[BlackElo "2552"]
[TimeControl "180+1"]
[EndTime "10:03:21 PST"]
[Termination "vishwa_vijeta won by resignation"]

1. Nc3 d5 2. e4 dxe4 3. Nxe4 Nf6 4. Nxf6+ exf6 5. d4 Bd6 6. Be3 O-O 7. Bd3 Re8 8. Ne2 c6 9. c4 b5 10. Qc2 bxc4 11. Bxc4 f5 12. O-O-O Qc7 13. g3 Nd7 14. Bd3 Nb6 15. Rhe1 Nd5 16. Bd2 Be6 17. Bxf5 Bxf5 18. Qxf5 Rab8 19. Qc2 Bb4 20. a3 Bxd2+ 21. Qxd2 c5 22.
dxc5 Qxc5+ 23. Kb1 Qxa3 24. Rc1 Qb3 25. Nd4 Qa4 26. Nc6 Rxe1 27. Nxb8 Rxc1+ 28. Qxc1 Qe4+ 29. Qc2 Qe1+ 30. Qc1 Qe8 31. Qc6 Qe4+ 32. Qc2 Qg4 33. Qd3 Qe6 34. Na6 g6 35. Qb5 Qe1+ 36. Ka2 Qe6 37. Kb1 Qf5+ 38. Ka1 h5 39. Nb4 Nxb4 40. Qxb4 Qxf2 41. Qb8+ Kh7 42. Qc7 Kg7 43. Qe5+ Qf6 44. Qc7 Qa6+ 45. Kb1 Qb6 46. Qe5+ Qf6 47. Qc7 g5 48. Qxa7 Qf5+ 49. Ka2 Kg6 50. Qb6+ f6 51. Qd4 Qa5+ 52. Kb1 Qe1+ 53. Ka2 Qe2 54. Qc5 Qxh2 55. Ka3 Qxg3+ 56. b3 h4 57. Ka4 h3 58. b4 h2 59.
Qc2+ Kh6 60. Qc6 Qf4 61. Qh1 g4 62. Ka5 Kg5 63. b5 f5 64. b6 g3 65. Ka6 Qf2 66.
b7 g2 67. Qxh2 g1=Q 68. Qxg1+ Qxg1 69. b8=Q Qa1+ 70. Kb7 Qb1+ 71. Kc7 Qxb8+ 72. Kxb8 f4 0-1

[Event "Early-Titled-Tuesday-Blitz-January-30-2024"]
[Site "Chess.com"]
[Date "2024.01.30"]
[Round "10"]
[White "DvaHrasta"]
[Black "IMRosen"]
[Result "1/2-1/2"]
[WhiteElo "2550"]
[BlackElo "2707"]
[TimeControl "180+1"]
[EndTime "10:03:32 PST"]
[Termination "Game drawn - timeout vs insufficient material"]

1. c4 e6 2. g3 d5 3. Bg2 Nf6 4. Nf3 dxc4 5. Qa4+ c6 6. Qxc4 b5 7. Qb3 Bb7 8. O-O Nbd7 9. d4 a6 10. a4 c5 11. axb5 axb5 12. Rxa8 Qxa8 13. dxc5 Bxc5 14.
Nc3 b4 15. Na4 Bd5 16. Qd1 Ba7 17. Bd2 Qb7 18. Ne1 O-O 19. Bxd5 Nxd5 20. Qb3 Ne5 21. Nd3 Ng4 22. h3 Ngf6 23. Rc1 Rb8 24. Nac5 Qc7 25. Kg2 Qc6 26. e4 Nc3 27. f3 Bxc5 28. bxc3 Nxe4 29. Be1 Qd6 30. cxb4 Be3 31. fxe4 Bxc1 32. Nxc1 Qd4 33. Qd3 Qe5 34. Ne2 h5 35. Bc3 Qc7 36. Qd4 f6 37. e5 Rd8 38. Qc5 Qb7+ 39. Kf2 fxe5 40. Qxe5 Rf8+ 41. Ke3 Rf5 42. Qxe6+ Rf7 43. Nf4 Kh7 44.
Qe4+ Kh6 45. Qxb7 Rxb7 46. h4 g5 47. Nd5 gxh4 48. gxh4 Rd7 49. Kd4 Kg6 50. Bd2 Kf5 51.
Kc5 Ke5 52. Bc3+ Ke6 53. Nf4+ Kf5 54. Nxh5 Rc7+ 55. Kd4 Kg4 56. Nf6+ Kxh4 57. Nd5 Rb7 58. Kc5 Kg4 59. Nb6 Rf7 60. Be5 Rf5 61. Kd6 Rf1 62. Nd5 Kf5 63. b5 Rd1 64. b6 Rb1 65. Bd4 Rxb6+ 66.
Bxb6 Ke4 67. Ke6 Kd3 68. Ke5 Kc4 69. Ke4 Kb5 70. Be3 Kc6 71. Ke5 Kb5 72. Nf4 Kc6 73.
Ke6 Kb5 74. Kd5 Kb4 75. Kd4 Kb5 76. Ne6 Kc6 1/2-1/2

[Event "Early-Titled-Tuesday-Blitz-January-30-2024"]
[Site "Chess.com"]
[Date "2024.01.30"]
[Round "10"]
[White "h4parah5"]
[Black "Susal_De_Silva"]
[Result "0-1"]
[WhiteElo "2895"]
[BlackElo "2780"]
[TimeControl "180+1"]
[EndTime "10:03:34 PST"]
[Termination "Susal_De_Silva won by resignation"]

1. Nf3 Nf6 2. b3 b6 3. g3 Bb7 4. Bg2 g6 5. Bb2 Bg7 6. c4 O-O 7. O-O e6 8. d4 d6 9. Nc3 Ne4 10. Qc2 Nxc3 11. Bxc3 f5 12. Rfd1 Be4 13. Qd2 Qe7 14. d5 Bxc3 15. Qxc3 Bxf3 16. exf3 e5 17. Qd2 f4 18. Qc3 Nd7 19. Bh3 Nf6 20. Be6+ Kg7 21. gxf4 exf4 22. Re1 Kh6 23. Kf1 Nh5 24. Re4 Qh4 25.
h3 Ng7 26. Bg4 Nh5 27. Be6 Ng7 28. Bg4 Nh5 29. Kg2 Nf6 30. Re6 Kg7 31. Rae1 h5 32. Re7+ Kh6 33. Bd7 Qg5+ 34. Kf1 Qh4 35. Kg2 Qg5+ 36.
Kh2 Qh4 37. R1e2 Rad8 38. Bc6 Rg8 39. R7e6 Rdf8 40. Qd4 Rg7 41. Kg2 Qg5+ 42. Kf1 Qh4 43. Ke1 Rgf7 44. Kd2 g5 45. Be8 Kg7 46. Bxf7 Rxf7 47.
Re7 Qxh3 48. Rxf7+ Kxf7 49. Qd3 h4 50. Re6 Qg2 51. Qf5 Qxf2+ 52. Kc3 Qxf3+ 53. Kb4 a5+ 54. Kb5 Qc3 55. Qxg5 Qb4+ 56. Kc6 Qc5+ 57. Kb7 Qd4 58. Qxh4 b5 59. Qe1 bxc4 60. bxc4 Qxc4 61. Re7+ Kf8 62. Rxc7 Qxd5+ 63. Kb8 Qe5 64. Qf2 d5 65.
Qc5+ Kg8 66. Ka8 Ne8 67. Rc8 Kf7 68. Rb8 Nf6 69. Rb7+ Kg6 70. Rb6 Kf5 71. Qc2+ Qe4 72. Qc8+ Kg5 73. Qd8 d4+ 74. Ka7 Qf5 75. Rd6 f3 76.
Rxd4 f2 77. Rd1 f1=Q 78. Rxf1 Qxf1 79. Qxa5+ Qf5 80. a4 Qxa5+ 0-1

[Event "Early-Titled-Tuesday-Blitz-January-30-2024"]
[Site "Chess.com"]
[Date "2024.01.30"]
[Round "10"]
[White "Imagine_Drag0n"]
[Black "Noki102"]
[Result "1/2-1/2"]
[WhiteElo "2770"]
[BlackElo "2533"]
[TimeControl "180+1"]
[EndTime "10:03:35 PST"]
[Termination "Game drawn - insufficient material"]

1. e4 e5 2. Nf3 Nc6 3. Bc4 Nf6 4. d3 h6 5. c3 d6 6. O-O g6 7. a4 Bg7 8. a5 O-O 9. Re1 Kh7 10. Nbd2 Be6 11.
Qb3 Qe7 12. Qxb7 Qd7 13. Bb5 Rfb8 14. Qa6 Nb4 15. Bxd7 Nxa6 16. Bxe6 fxe6 17. Nc4 Nc5 18. Rd1 Nb3 19. Ra2 a6 20. Be3 Rb5 21. Nfd2 Ng4 22.
Nxb3 Nxe3 23. fxe3 Rxb3 24. Nd2 Rb5 25. c4 Rb4 26. b3 Rf8 27. Raa1 h5 28. Rf1 Kg8 29.
Rxf8+ Kxf8 30. Kf2 Ke7 31. Ke2 Bh6 32. Rf1 c5 33. Rf3 Bg5 34. Kd1 Bf6 35. Kc2 h4 36. h3 Bg5 37. Nb1 Ke8 38. Kc3 Bd8 39. Kc2 Ke7 40.
g3 hxg3 41. Rxg3 Kf6 42. Nd2 Bxa5 43. Nf3 Bd8 44. Ng5 a5 45. h4 a4 46. bxa4 Rxa4 47. Rf3+ Ke7 48. Rf7+ Ke8 49. Rg7 Bxg5 50. hxg5 Ra2+ 51.
Kb3 Rg2 52. Rxg6 Kf7 53. Rf6+ Ke7 54. Rg6 Kf7 55. Rf6+ Ke7 56. Rh6 Rxg5 57. Rh7+ Kd8 58. Ka4 Rg3 59. Kb5 Rxe3 60. Kc6 Rxd3 61. Rh6 Ke7 62.
Rh7+ Kf6 63. Rh6+ Kg5 64. Rxe6 Kf4 65. Rxd6 Kxe4 66. Re6 Kd4 67. Kb5 e4 68. Rd6+ Kc3 69.
Re6 e3 70. Kxc5 Kd2 71. Kb6 e2 72. Rxe2+ Kxe2 73. c5 Rb3+ 74. Ka7 Rc3 75. Kb6 Kd3 76. c6 Kd4 77. c7 Kd5 78. Kb7 Rb3+ 79. Ka8 Ra3+ 80.
Kb8 Rb3+ 81. Ka8 Rc3 82. Kb8 Kd6 83. c8=Q Rxc8+ 84. Kxc8 1/2-1/2

[Event "Early-Titled-Tuesday-Blitz-January-30-2024"]
[Site "Chess.com"]
[Date "2024.01.30"]
[Round "10"]
[White "arnash_bauyrzhan"]
[Black "Preobrazhenska_D2011"]
[Result "1-0"]
[WhiteElo "2239"]
[BlackElo "2369"]
[TimeControl "180+1"]
[EndTime "10:03:35 PST"]
[Termination "arnash_bauyrzhan won on time"]

1. e4 c5 2. Nf3 d6 3. Bb5+ Nd7 4. d4 cxd4 5. Qxd4 a6 6. Bxd7+ Qxd7 7. O-O e5 8. Qd3 Be7 9. c4 f5 10. Nc3 Nf6 11. Bg5 fxe4 12. Nxe4 Nxe4 13. Qxe4 Qf5 14. Qh4 Bxg5 15. Nxg5 Qg4 16. Qxg4 Bxg4 17. Ne4 Rd8 18. f3 Be6 19. Rad1 Ke7 20. b3 Bf5 21. Nc3 g5 22.
Rfe1 Be6 23. c5 dxc5 24. Rxe5 Rxd1+ 25. Nxd1 Rd8 26. Nc3 Rd2 27. Rxg5 b6 28. Re5 Rb2 29. f4 Kd6 30. Ne4+ Kd7 31. Nf6+ Kd6 32. Ne4+ Kd7 33. f5 Bf7 34. f6 Rxa2 35. Re7+ Kc6 36. Rxf7 Kd5 37. Nc3+ Ke6 38. Nxa2 Kxf7 39. Nc3 Kxf6 40.
Nd5+ Ke5 41. Nxb6 Kd4 42. Nd7 Kd5 43. Kf2 Kc6 44. Ne5+ Kb5 45. Ke3 Kb4 46. Nd3+ Kb5 47. Ke4 c4 48. bxc4+ Kxc4 49. Ne5+ Kc5 50. Ng4 a5 51. Kd3 Kb4 52. Kc2 a4 53. Nf6 h6 54.
Ng4 h5 55. Nf6 h4 56. h3 Kc5 57. Ne4+ Kd4 58. Ng5 Ke3 59. Nf3 Kf2 60. Nxh4 Kg3 61. Kb2 Kxh4 62. g4 Kg5 63. Ka3 Kf4 64. Kxa4 Kg5 65.
Kb4 Kf4 66. Kc4 Kg3 67. g5 Kh4 68. g6 Kh5 69. g7 1-0

[Event "Early-Titled-Tuesday-Blitz-January-30-2024"]
[Site "Chess.com"]
[Date "2024.01.30"]
[Round "10"]
[White "LaPiToB"]
[Black "Talent-OF-Slovenia"]
[Result "1/2-1/2"]
[WhiteElo "2310"]
[BlackElo "2472"]
[TimeControl "180+1"]
[EndTime "10:03:44 PST"]
[Termination "Game drawn by repetition"]

1. d4 d5 2. c4 c6 3. Nc3 Nf6 4. e3 Bf5 5. cxd5 cxd5 6. Qb3 Nc6 7. Qxb7 Bd7 8. Qb3 Rb8 9. Qd1 e5 10. dxe5 Nxe5 11. Nf3 Bd6 12. Be2 Qc7 13. h3 O-O 14. O-O Rfd8 15. Nd4 Nc4 16. Bf3 Nxb2 17. Bxb2 Rxb2 18. Nxd5 Nxd5 19. Bxd5 Bxh3 20. Bxf7+ Qxf7 21. gxh3 Rf8 22. f4 Bc5 23. Qg4 Bxd4 24. exd4 Qd5 25.
Rad1 Rxa2 26. f5 Qd6 27. Rf2 Rxf2 28. Kxf2 Qd5 29. Kg1 Rxf5 30. Kh2 Rg5 31. Qc8+ Kf7 32. Rf1+ Kg6 33. Qe8+ Kh6 34. Rf2 Qxd4 35. Qe6+ g6 36. Qf7 Qe5+ 37. Kh1 Qd5+ 38. Kh2 Qe5+ 39. Kh1 Qe1+ 40.
Rf1 Qe4+ 41. Rf3 Qe1+ 42. Rf1 Qe5 43. Qf8+ Qg7 44. Qf4 Qb7+ 45. Rf3 Qb1+ 46. Rf1 Qb7+ 47. Rf3 Qb2 48. Rf2 Qa1+ 49. Kh2 Qe5 50. Qxe5 Rxe5 51.
Ra2 a5 52. h4 Rb5 53. Kg3 Kh5 54. Ra3 h6 55. Ra2 Rb4 56. Rxa5+ g5 57. hxg5 hxg5 58. Ra7 Rb3+ 59. Kg2 Kh4 60. Ra4+ g4 61. Rc4 Rb2+ 62. Kg1 Kh3 63. Rc3+ g3 64. Rc1 Rf2 65. Ra1 Rb2 66.
Re1 Rh2 67. Rd1 Kg4 68. Rd4+ Kh3 69. Rd3 Rb2 70. Rd1 Ra2 71. Rb1 Rg2+ 72. Kh1 Rd2 73.
Kg1 Rf2 74. Rc1 Rg2+ 75. Kh1 Re2 76. Kg1 Rf2 77. Rb1 Rc2 78. Rd1 g2 79. Rb1 Rc3 80.
Rd1 Kg3 81. Re1 Ra3 82. Rd1 Rf3 83. Re1 Rf4 84. Re3+ Rf3 85. Re1 Rc3 86. Rd1 Rf3 87. Re1 1/2-1/2

[Event "Early-Titled-Tuesday-Blitz-January-30-2024"]
[Site "Chess.com"]
[Date "2024.01.30"]
[Round "10"]
[White "RantomOpening"]
[Black "Witik"]
[Result "1-0"]
[WhiteElo "2543"]
[BlackElo "2651"]
[TimeControl "180+1"]
[EndTime "10:03:54 PST"]
[Termination "RantomOpening won by resignation"]

1. e4 c6 2. d4 d5 3. Nc3 dxe4 4.
Nxe4 Nf6 5. Nxf6+ exf6 6. Bd3 Bd6 7. Qh5 g6 8. Qh4 O-O 9. Ne2 Re8 10. O-O Nd7 11. c3 f5 12. Bg5 Be7 13. Bxe7 Qxe7 14. Qh6 Qf8 15. Qxf8+ Kxf8 16. Rfe1 Nb6 17. Nf4 Bd7 18. f3 Rac8 19. Kf2 c5 20. dxc5 Na4 21.
Rab1 Nxc5 22. Bc2 b5 23. Nd3 a5 24. Ne5 Be6 25. a3 Rc7 26. Rbd1 Rb8 27. Rd4 b4 28.
axb4 axb4 29. cxb4 Na6 30. Bb1 Nxb4 31. Kg3 Kg7 32. Re2 Rb5 33. Nd3 Nd5 34. Nf4 Nxf4 35. Kxf4 Rcb7 36. Rdd2 Kf6 37. h4 h6 38. Kg3 Rb4 39. Bd3 R7b6 40. Bb1 g5 41. hxg5+ hxg5 42. Bd3 Rb3 43. Bb1 R3b4 44. Kf2 Rb8 45. Bd3 f4 46. Be4 R8b6 47. Rc2 Bb3 48. Rcd2 Be6 49. Rc2 Rb8 50. Red2 Rh8 51. Rc6 Rhb8 52. Rcc2 R4b6 53. g3 fxg3+ 54. Kxg3 Rb4 55. Kf2 Rh8 56. Kg3 Rh3+ 57. Kg2 Rh4 58. Bd5 Rhf4 59. Bxe6 Kxe6 60. Re2+ Kf6 61.
Rc6+ Kg7 62. Rc7 Rb5 63. Rcc2 Rfb4 64. Red2 Kg6 65. Kg3 f6 66. Re2 Rb3 67. Rf2 Kf5 68.
Kg2 Kf4 69. Rc4+ Kf5 70. Rcc2 R3b4 71. Rcd2 Rb8 72. Rc2 Kg6 73. Rcd2 Rh8 74. Rc2 Rbh4 75. Rcd2 Rh1 76. b4 R8h2+ 77. Kg3 f5 78. Rxh2 Rg1+ 79. Rhg2 Rb1 80. Rb2 Rd1 81. b5 Rd3 82. b6 g4 83.
Rgf2 Kg5 84. Kg2 f4 85. fxg4 Kxg4 86. b7 Rg3+ 87. Kf1 Rb3 88. Rxb3 1-0

[Event "Early-Titled-Tuesday-Blitz-January-30-2024"]
[Site "Chess.com"]
[Date "2024.01.30"]
[Round "10"]
[White "Herzog2012"]
[Black "Shodikulov_Jamshid1990"]
[Result "0-1"]
[WhiteElo "2544"]
[BlackElo "2428"]
[TimeControl "180+1"]
[EndTime "10:03:58 PST"]
[Termination "Shodikulov_Jamshid1990 won on time"]

1. e4 c5 2. Nf3 e6 3. d4 cxd4 4. Nxd4 a6 5. Nc3 b5 6. Bd3 Bb7 7. O-O Qc7 8. Qe2 d6 9. f4 Nd7 10. Be3 Ngf6 11. a3 Be7 12. Bf2 O-O 13. Rfe1 Nc5 14.
h3 Rfe8 15. Nf3 Rac8 16. Rad1 Bf8 17. Bd4 e5 18. fxe5 dxe5 19. Bf2 Ne6 20. Be3 Bc5 21. Nd5 Bxd5 22. exd5 Nf4 23. Qf2 Bxe3 24. Qxe3 N4xd5 25. Qg5 h6 26. Qg3 Nf4 27. Bf5 e4 28. Nd4 Rcd8 29.
Qf2 N4d5 30. c3 e3 31. Qf3 Re7 32. Bb1 Rde8 33. Nf5 Re5 34. Rd4 e2 35. Rd2 Qc5+ 36. Nd4 Re3 37. Qf2 Qd6 38. Rdxe2 Rxe2 39. Rxe2 Rxe2 40.
Qxe2 g6 41. Qf3 Qe5 42. Qf2 Kg7 43. Bd3 Nf4 44. Bf1 Ne4 45. Qe3 Nd5 46. Qf3 Nd2 47. Qf2 Ne4 48. Nf3 Qf6 49. Qd4 Qxd4+ 50. Nxd4 Nd2 51. Kf2 Nxf1 52. Kxf1 Ne3+ 53. Kg1 Nc4 54. b3 Nxa3 55. Kf2 Nb1 56. c4 bxc4 57. bxc4 Nd2 58. c5 Ne4+ 59. Ke3 Nxc5 60. Nc6 f5 61. Kd4 Nd7 62. Nb4 a5 63. Nc6 a4 64. Kc4 Kf6 65.
Kb4 Ne5 66. Nd4 Nd3+ 67. Kxa4 Nf4 68. g3 Nxh3 69. Kb4 Nf2 70. Ne2 Ne4 71. Kc4 Ke5 72.
Kd3 g5 73. Ke3 h5 74. Kf3 g4+ 75. Kg2 Kf6 76. Nf4 Kg5 77. Ne6+ Kh6 78. Nf4 Ng5 79.
Nd5 Ne6 80. Kf2 Kg5 81. Nc3 h4 82. gxh4+ Kxh4 83. Nd5 f4 84. Kg2 f3+ 85. Kf2 Kh3 86. Ne3 Nf4 87. Nf1 Nd3+ 88. Ke3 g3 89. Nd2 f2 90.
Kxd3 g2 0-1

[Event "Early-Titled-Tuesday-Blitz-January-30-2024"]
[Site "Chess.com"]
[Date "2024.01.30"]
[Round "10"]
[White "DeArron_Fox"]
[Black "VinzentSpitzl"]
[Result "1/2-1/2"]
[WhiteElo "2480"]
[BlackElo "2614"]
[TimeControl "180+1"]
[EndTime "10:03:59 PST"]
[Termination "Game drawn by repetition"]

1. d4 Nf6 2. c4 e6 3. Nf3 d5 4. Nc3 Bb4 5. Qa4+ Nc6 6. e3 O-O 7. Qc2 Re8 8. Bd2 Bf8 9. a3 a6 10. Bd3 h6 11. O-O dxc4 12. Bxc4 e5 13. Qb3 Qd7 14.
dxe5 Nxe5 15. Nxe5 Rxe5 16. Rad1 b5 17. Be2 Bb7 18. e4 Qe6 19. Qxe6 Rxe6 20. f3 c5 21. Bf4 c4 22. Rd2 Bc5+ 23. Kh1 Nh5 24. Bc7 Rc8 25. Ba5 Nf4 26. Rfd1 Nxe2 27. Nxe2 Be7 28. Nf4 Rec6 29.
Rd7 Bg5 30. Nh3 Ba8 31. Nxg5 hxg5 32. Rd8+ Kh7 33. Rxc8 Rxc8 34. Rd7 f6 35. Ra7 Bc6 36. Bc3 Kg6 37. Rxa6 g4 38. fxg4 Rd8 39. h3 Bxe4 40.
Kh2 Rd5 41. h4 Kh7 42. g5 fxg5 43. Ra7 gxh4 44. Rxg7+ Kh6 45. Rg4 Bd3 46. Rxh4+ Rh5 47. Bd2+ Kg6 48. Rxh5 Kxh5 49. Kg3 Be4 50. Kf2 Kg4 51.
g3 Bd5 52. Bf4 Bc6 53. Ke3 Bd7 54. Kd4 Be8 55. Kc5 Bd7 56. Kd6 Be8 57. Be5 Kf3 58. Ke7 Bc6 59. Kf6 Kg4 60. Ke6 Be8 61. Ke7 Bc6 62.
Kd8 Kf5 63. Bb8 Kg4 64. Bc7 Kf5 65. Bd6 Kg4 66. Kc7 Be8 67. Kb6 Bd7 68. Kc5 Be8 69. Kb4 Bd7 70. Kc3 Be8 71. Be5 Bd7 72. Bf4 Be8 73. Kd4 Bd7 74. Kc5 Be8 75. Kd6 Kf5 76.
Be5 Kg4 77. Ke7 Bc6 78. Bc7 Kf5 79. Kd6 Be8 80. Ke7 Bc6 81. Kd6 Be8 82. Kc5 Kg4 83. Kd4 Bd7 84. Ke5 Be8 85. Ke6 Bc6 86. Ke7 Kf5 1/2-1/2

[Event "Early-Titled-Tuesday-Blitz-January-30-2024"]
[Site "Chess.com"]
[Date "2024.01.30"]
[Round "10"]
[White "lilylg"]
[Black "invisible_s0ul"]
[Result "0-1"]
[WhiteElo "2150"]
[BlackElo "2255"]
[TimeControl "180+1"]
[EndTime "10:04:07 PST"]
[Termination "invisible_s0ul won on time"]

1. d4 Nf6 2. c4 e6 3. Nf3 Bb4+ 4.
Bd2 Qe7 5. g3 O-O 6. Bg2 d5 7.
O-O Bxd2 8. Nbxd2 c5 9. cxd5 Nxd5 10. e4 Nf6 11. dxc5 Qxc5 12. Rc1 Qb4 13. b3 Nc6 14. Qe2 e5 15. Nc4 Bg4 16. h3 Nd4 17. Qe3 Nxf3+ 18. Bxf3 Bxh3 19. Rfd1 Qe7 20. Qg5 h6 21. Qh4 Bd7 22.
Rd2 Rfd8 23. Rcd1 b5 24. Ne3 Be6 25. Be2 Rxd2 26. Rxd2 Qb4 27. Rd1 Rc8 28. Nd5 Bxd5 29. exd5 Qxh4 30. gxh4 Rd8 31. d6 Ne4 32. d7 Nc3 33. Rd2 Nxe2+ 34. Rxe2 f6 35. Rd2 Kf7 36. Rd5 a6 37. Rd6 Ke7 38. Rxa6 Rxd7 39. Rb6 Rd5 40.
Rb7+ Kf8 41. Kg2 Kg8 42. Kf3 Kh7 43. h5 f5 44. Ke3 Rc5 45. Kd3 Kg8 46. a4 bxa4 47.
bxa4 Ra5 48. Re7 e4+ 49. Ke3 Rxa4 50. Re5 Ra3+ 51. Ke2 Rf3 52. Re7 Kh7 53. Rf7 Rf4 54.
Ke3 Rf3+ 55. Ke2 f4 56. Re7 Rh3 57. Rxe4 Rxh5 58. Rxf4 Re5+ 59. Kf3 Kg6 60. Kg3 Rg5+ 61. Kh3 Rf5 62. Rg4+ Rg5 63. Rb4 Rf5 64. Kg3 Kf6 65. f4 g5 66. Rb6+ Kg7 67. Rb7+ Kg6 68. Rb6+ Kh5 69.
fxg5 hxg5 70. Rb8 Rc5 71. Rh8+ Kg6 72. Kg4 Rc4+ 73. Kg3 Kf5 74. Rf8+ Kg6 75. Rg8+ Kf6 76. Rf8+ Kg7 77. Rd8 Rf4 78. Rd6 Re4 79. Rb6 Ra4 80. Rc6 Rf4 81. Rc7+ Kg6 82. Rc8 Rf6 83. Rc5 Rf5 84.
Rc6+ Kf7 85. Rb6 Rd5 86. Rh6 Rf5 87. Kg4 Rc5 88. Rh7+ Kg6 89. Rc7 Rxc7 0-1

[Event "Early-Titled-Tuesday-Blitz-January-30-2024"]
[Site "Chess.com"]
[Date "2024.01.30"]
[Round "10"]
[White "GatoRojo150"]
[Black "Massakru"]
[Result "1/2-1/2"]
[WhiteElo "2569"]
[BlackElo "2408"]
[TimeControl "180+1"]
[EndTime "10:04:40 PST"]
[Termination "Game drawn by repetition"]

1. e4 e5 2. Nf3 Nc6 3. Nc3 Nf6 4.
Bb5 Bb4 5. O-O O-O 6. d4 exd4 7. Nd5 Be7 8. Re1 d6 9. Nxe7+ Nxe7 10. Nxd4 Ng6 11.
Bf1 Re8 12. f3 d5 13. exd5 Rxe1 14. Qxe1 Qxd5 15. Qf2 Bd7 16. b3 Re8 17. c4 Qh5 18.
Be3 Ne5 19. h3 Ng6 20. Re1 h6 21. Bd2 Rxe1 22. Qxe1 Nh4 23. Bf4 c5 24. Ne2 Bxh3 25. Qg3 Be6 26. Be5 Nf5 27. Qf4 Nd7 28. Bc3 Qg5 29.
Bd2 Qxf4 30. Bxf4 Nd4 31. Nc3 b6 32. Bd3 Bf5 33. Bf1 g5 34. Bd6 Kg7 35. Kf2 Kf6 36. g4 Bg6 37. Nd5+ Ke6 38. Bg3 Bb1 39. Nc7+ Ke7 40. Nd5+ Ke8 41. Nc7+ Kd8 42. Nd5 Bxa2 43. f4 gxf4 44. Bxf4 Bxb3 45. Bxh6 Bc2 46. Bg5+ Ke8 47.
Nc7+ Kf8 48. Nd5 Ne5 49. Bh6+ Kg8 50. Nf6+ Kh8 51. g5 Ne6 52. Kg3 Bg6 53. Bg2 Nd7 54. Nxd7 Nd4 55. Kf4 Bd3 56. Ne5 Ne6+ 57. Kg4 Be2+ 58.
Kg3 Kg8 59. Kf2 Bd1 60. Ng4 Bb3 61. Nf6+ Kh8 62. Bd5 Nf4 63. Bxf7 b5 64. g6 Nxg6 65. Bxg6 Bxc4 66. Ke3 b4 67. Nh5 a6 68. Bg7+ Kg8 69.
Be5 Bf7 70. Bxf7+ Kxf7 71. Bd6 b3 72. Kd2 Ke6 73. Bxc5 Kd5 74. Ba3 Kc4 75. Nf4 a5 76.
Nd3 a4 77. Nb2+ Kb5 78. Kc3 Ka5 79. Kc4 Kb6 80. Kb4 Kc6 81. Nxa4 Kd5 82. Kxb3 Kd4 83. Kb4 Kd5 84. Bb2 Ke4 85. Bc3 Kd3 86. Nc5+ Ke3 87. Kc4 Kf4 88. Kd4 Kf5 89. Bd2 Kf6 90. Be3 Kf5 91. Ne4 Ke6 92. Ng5+ Kf5 93. Ne4 Ke6 94. Bf4 Kf5 95. Be5 Ke6 96. Nc5+ Kf5 97. Kd5 Kg6 98. Ke6 Kg5 99. Ne4+ Kg4 100. Kf6 Kf3 101. Kf5 Ke3 102. Ng3 Kd3 103. Kf4 Kc4 104. Ke4 Kc5 105. Nf5 Kc4 106. Nd4 Kc5 107. Bf4 Kc4 108. Be3 Kc3 109. Kd5 Kd3 110. Bg5 Kc3 111. Kc5 Kd3 112. Kd5 Kc3 113. Ke4 Kc4 114. Be7 Kc3 115. Kd5 Kd3 116. Bg5 1/2-1/2

[Event "Early-Titled-Tuesday-Blitz-January-30-2024"]
[Site "Chess.com"]
[Date "2024.01.30"]
[Round "11"]
[White "Chesstiger64"]
[Black "ChessLebaneseSalah"]
[Result "0-1"]
[WhiteElo "2236"]
[BlackElo "2458"]
[TimeControl "180+1"]
[EndTime "10:06:43 PST"]
[Termination "ChessLebaneseSalah won by checkmate"]

1. d4 d5 2. Nf3 Nf6 3. e3 c6 4. c4 e6 5. Nc3 Nbd7 6. Bd3 Bd6 7.
O-O dxc4 8. Bxc4 b5 9. Bb3 Bb7 10. Qc2 O-O 11. e4 e5 12. dxe5 Nxe5 13. Nxe5 Bxe5 14. f4 Bd4+ 15. Kh1 c5 16. e5 Ng4 17.
Nxb5 Qh4 18. h3 Qxh3# 0-1

[Event "Early-Titled-Tuesday-Blitz-January-30-2024"]
[Site "Chess.com"]
[Date "2024.01.30"]
[Round "11"]
[White "BocharovD"]
[Black "Grischuk"]
[Result "0-1"]
[WhiteElo "2881"]
[BlackElo "3077"]
[TimeControl "180+1"]
[EndTime "10:06:47 PST"]
[Termination "Grischuk won by resignation"]

1. d4 e6 2. e4 d5 3. Nc3 Nf6 4. e5 Nfd7 5. f4 c5 6. Nf3 Nc6 7. Be3 cxd4 8. Nxd4 Qb6 9. Qd2 Qxb2 10. Rb1 Qa3 11.
Bb5 Nxd4 12. Bxd4 a6 13. Bxd7+ Bxd7 14. Rb3 Qe7 15. Rxb7 Qh4+ 16. Qf2 Qxf2+ 17. Kxf2 Be7 18. Rhb1 Bd8 19. Rb8 Rxb8 20. Rxb8 O-O 21. Ra8 Bh4+ 0-1

[Event "Early-Titled-Tuesday-Blitz-January-30-2024"]
[Site "Chess.com"]
[Date "2024.01.30"]
[Round "11"]
[White "Bushonica"]
[Black "Alenzer"]
[Result "0-1"]
[WhiteElo "1806"]
[BlackElo "2119"]
[TimeControl "180+1"]
[EndTime "10:07:43 PST"]
[Termination "Alenzer won by resignation"]

1. e4 c5 2. Nf3 e6 3. d4 cxd4 4. Nxd4 Nf6 5. Nc3 Nc6 6. Be3 Bb4 7. Bd3 d5 8. exd5 Nxd5 9. Nxc6 bxc6 10. Bd2 O-O 11. O-O Bd6 12. Qh5 Nf6 13. Qh3 e5 14. Bg5 Bxh3 0-1

[Event "Early-Titled-Tuesday-Blitz-January-30-2024"]
[Site "Chess.com"]
[Date "2024.01.30"]
[Round "11"]
[White "Der_Balak_3Halak"]
[Black "anasta10"]
[Result "1-0"]
[WhiteElo "2371"]
[BlackElo "2484"]
[TimeControl "180+1"]
[EndTime "10:08:04 PST"]
[Termination "Der_Balak_3Halak won by checkmate"]

1. e4 g6 2. h4 h5 3. d4 Bg7 4. Be3 d6 5. Nc3 a6 6. Qd2 b5 7. a3 Bb7 8. f3 Nf6 9. Nge2 Nbd7 10. d5 c6 11. dxc6 Bxc6 12. Nd4 Bb7 13. O-O-O Qc7 14. Be2 Ne5 15. f4 Nc4 16. Bxc4 Qxc4 17. e5 dxe5 18. fxe5 Ng4 19. Nf5 gxf5 20. Qd7+ Kf8 21. Qd8+ Rxd8 22.
Rxd8# 1-0

[Event "Early-Titled-Tuesday-Blitz-January-30-2024"]
[Site "Chess.com"]
[Date "2024.01.30"]
[Round "11"]
[White "josmito10"]
[Black "GMWSO"]
[Result "1-0"]
[WhiteElo "2802"]
[BlackElo "3098"]
[TimeControl "180+1"]
[EndTime "10:08:09 PST"]
[Termination "josmito10 won by resignation"]

1. e4 c6 2. d4 d5 3. exd5 cxd5 4. Nf3 Bg4 5. c3 Nc6 6. Nbd2 e6 7. Be2 Bd6 8. O-O Qc7 9. Re1 Nf6 10. Nf1 O-O 11.
Ng3 Rab8 12. Bd3 b5 13. h3 Bxf3 14. Qxf3 b4 15. Bg5 Nd7 16. Nh5 bxc3 17. Bh6 g6 18.
Nf6+ Kh8 19. Nxd7 Be7 20. Nxf8 cxb2 21. Qxf7 Bxf8 22. Qxc7 1-0